 Dungeon Crawl Stone Soup version 0.29.1-15-g9cfb28693d (webtiles) character file.

Game seed: 215829157128807532

634 leafyfresh the Covert (level 7, -2/75 HPs)
             Began as an Octopode Delver on Apr 11, 2023.
             Was an Initiate of Ashenzari.
             Slain by an ogre
             ... wielding a +0 giant spiked club
              (12 damage)
             ... on level 5 of the Dungeon.
             The game lasted 00:07:03 (4980 turns).

leafyfresh the Covert (Octopode Delver)             Turns: 4980, Time: 00:07:04

Health: -2/75      AC: 23    Str: 17    XL:     7   Next: 49%
Magic:  13/16      EV:  2    Int: 15    God:    Ashenzari [......]
Gold:   284        SH:  0    Dex: 13    Spells: 5/6 levels left

rFire   . . .      SeeInvis .   u - +4 quarterstaff (chaos)
rCold   . . .      Faith    .   (shield currently unavailable)
rNeg    . . .      Spirit   .   (helmet currently unavailable)
rPois   +          Reflect  .   (no amulet)
rElec   .          Harm     .   g - ring of magical power
rCorr   .          Rampage  .   h - +6 ring of strength
Will    .....      NoTele   +   C - +4 ring of evasion
Stlth   ++++......              (no ring)
HPRegen 0.22/turn               (no ring)
MPRegen 0.15/turn               (no ring)
                                (no ring)
                                (no ring)

@: tree-form, very slightly contaminated, slowed, very slow
A: stationary, stasis, torment immunity, boosted hp, almost no armour,
(amphibious), 8 rings, (camouflage 1), (gelatinous body 1), (nimble swimmer 1),
(tentacles)
a: Renounce Religion


You were on level 5 of the Dungeon.
You worshipped Ashenzari.
Ashenzari was noncommittal.
You were a tree.
You visited 1 branch of the dungeon, and saw 5 of its levels.

You collected 284 gold pieces.

Inventory:

Hand Weapons
 a - a +0 short sword
 k - a +2 dagger of venom
 u - a +4 quarterstaff of chaos (weapon)
Missiles
 D - 6 poisoned darts (quivered)
Jewellery
 g - a ring of magical power (left branch)
 h - a +6 ring of strength (right branch)
 C - a +4 ring of evasion (on tentacle)
Wands
 f - a wand of digging (2)
 m - a wand of charming (4)
Scrolls
 b - a scroll of fog
 c - a scroll of magic mapping
 i - 2 scrolls of blinking {unknown}
 j - 2 scrolls of enchant armour {unknown}
 l - 2 scrolls of poison {unknown}
 o - 2 scrolls of acquirement {unknown}
 r - 2 scrolls of summoning {unknown}
 s - a scroll of immolation {unknown}
 w - a scroll of enchant weapon {unknown}
 x - a scroll of noise {unknown}
 y - a scroll of identify {unknown}
 B - a scroll of silence {unknown}
Potions
 n - 2 potions of attraction {unknown}
 p - a potion of ambrosia {unknown}
 q - a potion of might {unknown}
 t - a potion of brilliance {unknown}
 v - a potion of lignification
 z - a potion of magic {unknown}
 A - a potion of invisibility {unknown}
 E - a potion of resistance {unknown}


   Skills:
 + Level 5.4 Fighting
 - Level 2.0 Short Blades
 + Level 4.9 Dodging
 + Level 9.3 Stealth


You had 5 spell levels left.
You knew the following spells:

 Your Spells              Type           Power      Damage    Failure   Level
a - Magic Dart            Conj           0%         1d3       26%         1

Your spell library contained the following spells:

 Spells                   Type           Power      Damage    Failure   Level
 Apportation              Tloc           0%         N/A       26%         1
 Searing Ray              Conj           0%         2d4       38%         2
 Fulminant Prism          Conj/Hex       0%         3d6       95%         4
 Alistair's Intoxication  Tmut/Pois      0%         N/A       100%        5


Dungeon Overview and Level Annotations

Branches:
Dungeon (5/15)
 Temple: D:4-7

Altars:
Ashenzari
Gozag
Hepliaklqana

Shops:
D:3 (

Annotations:
D:5 2 transporters, Menkaure; middlethird's ghost, novice VSCj


Innate Abilities, Weirdness & Mutations

You are a tree.
Your roots penetrate the ground, keeping you stationary.
You cannot be teleported.
You are immune to unholy pain and torment.
Your maximum health is greatly increased.
You cannot wear most types of armour.
((You are amphibious.))
You can wear up to eight rings at the same time.
((Your skin changes colour to match your surroundings (Stealth+).))
((Your rubbery body absorbs attacks. (AC +1, EV +1)))
((You are camouflaged when in or above water. (Stealth+)))
((You have tentacles for arms and can constrict up to eight enemies at once.))


Message History

You hit the wraith.
The wraith convulses.
You destroy the wraith!
Your Stealth skill increases to level 9!
Okay, then.
Casting: Magic Dart (safe; 26% risk of failure)
Confirm with . or Enter, or press ? or * to list all spells.
Okay, then.
Casting: Magic Dart (safe; 26% risk of failure)
Confirm with . or Enter, or press ? or * to list all spells.
Aiming: Magic Dart (safe; 26% risk of failure)
Press: ? - help, Shift-Dir - straight line, f - ogre
Aim: an ogre, wielding a +0 giant spiked club (100% to hit)
You miscast Magic Dart.
You are very lightly contaminated with residual magic.
Nothing appears to happen.
Unknown command.
Casting: Magic Dart (safe; 26% risk of failure)
Confirm with . or Enter, or press ? or * to list all spells.
Aiming: Magic Dart (safe; 26% risk of failure)
Press: ? - help, Shift-Dir - straight line, f/p - ogre
Aim: an ogre, wielding a +0 giant spiked club (100% to hit)
The magic dart hits the ogre.
The ogre is lightly wounded.
Unknown command.
Casting: Magic Dart (safe; 26% risk of failure)
Confirm with . or Enter, or press ? or * to list all spells.
Aiming: Magic Dart (safe; 26% risk of failure)
Press: ? - help, Shift-Dir - straight line, f/p - ogre
Aim: an ogre, wielding a +0 giant spiked club (lightly wounded, 100% to hit)
The magic dart hits the ogre.
The ogre is lightly wounded.
Unknown command.
Casting: Magic Dart (safe; 26% risk of failure)
Confirm with . or Enter, or press ? or * to list all spells.
Okay, then.
You barely miss the ogre. You punch the ogre.
The ogre is moderately wounded.
You feel yourself slow down.
The ogre hits you with a +0 giant spiked club!
You die...

#..#...........##... .....
.##..#.....##......... ....
#..#.#............#... ...
...©#..........#.# .. .#
..########....##<..##..#
.....†...#...###..## ..# .
o #......#####.## # ... .
#.# #..##.####....##......
. .. ####.†...#.♣......# ..
.
###.###...#...O##.....#...
. #......$..###..# #.#....#
. .#...#.#####..## #.#..# .
.....#.#.#....# ##<..####.
#..............###.........
#.....#.#.#.#...#..........
##.........................
##...#.#.#.#)...#.........


You could see an ogre.

Vanquished Creatures
  A wraith (D:5)
  2 scorpions (D:5)
  2 hounds
  Crazy Yiuf (D:3)
  An orc priest (D:4)
  A jelly (D:4)
  Jessica (D:2)
  An iguana (D:4)
  An orc wizard (D:4)
  A gnoll (D:1)
  4 adders
  9 dart slugs
  11 orcs
  4 endoplasms
  4 giant cockroaches
  6 hobgoblins
  A jackal (D:1)
  4 quokkas
  10 ball pythons
  4 bats
  4 goblins
  4 kobolds
  4 rats
81 creatures vanquished.

Notes
Turn   | Place    | Note
-------+----------+-------------------------------------------
     0 | D:5      | leafyfresh the Octopode Delver began the quest for the Orb.
     0 | D:5      | Reached XP level 1. HP: 16/16 MP: 1/1
    81 | D:5      | Noticed Menkaure
   124 | D:5      | Reached XP level 2. HP: 14/21 MP: 2/2
   506 | D:5      | Found a transporter.
   506 | D:5      | Noticed an ogre
   507 | D:5      | Found a transporter.
   514 | D:5      | Noticed middlethird's ghost (novice VSCj)
   517 | D:5      | Noticed a scorpion
   519 | D:5      | Reached skill level 7 in Stealth
   529 | D:4      | Reached XP level 3. HP: 26/26 MP: 3/3
   554 | D:4      | Reached XP level 4. HP: 32/32 MP: 4/4
   915 | D:3      | Found a broken altar of Ashenzari.
  1139 | D:3      | Found Ummojijuuh's Antique Weapon Boutique.
  1355 | D:3      | Found a hazy altar of Hepliaklqana.
  1527 | D:3      | Found a runed translucent door.
  1528 | D:3      | Noticed Crazy Yiuf
  1737 | D:3      | Killed Crazy Yiuf
  1738 | D:3      | Reached XP level 5. HP: 13/37 MP: 5/5
  2762 | D:2      | Noticed Jessica
  2796 | D:2      | Killed Jessica
  3079 | D:1      | Reached skill level 8 in Stealth
  3496 | D:1      | Learned a level 1 spell: Magic Dart
  3953 | D:3      | Reached XP level 6. HP: 40/44 MP: 6/6
  4051 | D:3      | Became a worshipper of Ashenzari the Shackled
  4145 | D:4      | Found an opulent altar of Gozag.
  4663 | D:5      | Noticed a wraith
  4909 | D:5      | Reached skill level 5 in Fighting
  4909 | D:5      | Reached XP level 7. HP: 45/50 MP: 7/7
  4976 | D:5      | Killed a wraith
  4977 | D:5      | Reached skill level 9 in Stealth
  4980 | D:5      | Slain by an ogre

Illustrated notes

Levels and vault maps discovered:
D:1:      scummos_arrival_forest, layout_basic, st_stairs_6,
          nicolae_hexahallways, chequers_serial_rivers_micro_d,
          serial_bayou_pond_c
D:2:      kennysheep_big_flooded_room, layout_basic, minmay_misc_feat_tiny,
          uniq_jessica
D:3:      layout_loops_corners, mainiacjoe_overflow_boulevard,
          mainiacjoe_overflow_tiny_flanked, serial_shops, shop_statue,
          minivault_26, uniq_crazy_yiuf_cottage
D:4:      kennysheep_slugbush, layout_rooms, grunt_gozag_statues
D:5:      layout_cave_pools, gammafunk_ghost_smash, serial_glass,
          glass_columns_a, glass_columns_c, glass_columns_b, glass_columns_c,
          minmay_manual_monstrance, uniq_menkaure

Skill      XL: |  1  2  3  4  5  6  7 |
---------------+----------------------+-----
Stealth        | 7 8 9 |  9.3
Dodging        | 3 4 |  4.9
Fighting       | 4 5 |  5.4
Short Blades   | |  2.0

Action                   |  1- 3 |  4- 6 |  7- 9 || total
-------------------------+-------+-------+-------++-------
Melee: Short sword       |    13 |       |       ||    13
       Constrict         |     7 |    26 |       ||    33
       Tentacles         |     5 |    18 |     2 ||    25
       Dagger            |     7 |    35 |       ||    42
       Quarterstaff      |       |    69 |    17 ||    86
       Punch             |       |       |     1 ||     1
 Cast: Magic Dart        |       |       |     2 ||     2
Evoke: Wand              |     1 |       |       ||     1
  Use: Potion            |       |       |     2 ||     2
       Scroll            |       |       |     1 ||     1
 Stab: Sleeping          |     4 |    25 |       ||    29
       Distracted        |       |     1 |       ||     1
Armor: Skin              |       |     5 |    11 ||    16
Dodge: Dodged            |    10 |    65 |     8 ||    83
